 Dungeon Crawl Stone Soup version 0.18-a0-1405-g73f4075 (webtiles) character file.

71 Tomstefer the Conjurer (level 4, 0/24 HPs)
             Began as a Tengu Conjurer on Feb 25, 2016.
             Succumbed to an adder's poison
             ... on level 1 of the Dungeon.
             The game lasted 00:05:52 (1888 turns).

Tomstefer the Conjurer (Tengu Conjurer)             Turns: 1888, Time: 00:05:52

Health: 0/24       AC:  3    Str: 13    XL:     4   Next: 24%
Magic:  8/8        EV: 13    Int: 17    God:
Gold:   148        SH:  0    Dex: 14    Spells: 1 memorised, 6 levels left

rFire  x . .     SeeInvis .     l - +0 short sword
rCold  + . .     Gourm    .     u - +0 leather armour
rNeg   . . .     Faith    .     (no shield)
rPois  .         Spirit   .     (helmet restricted)
rElec  .         Dismiss  .     (no cloak)
rCorr  .         Reflect  .     (no gloves)
SustAt .         Harm     .     (boots unavailable)
MR     +....                    (no amulet)
Stlth  ++........               s - ring of protection from magic
                                h - ring of ice

@: mighty, lethally poisoned (0 -> -4), very slightly contaminated, hasted, very
quick, somewhat resistant to hostile enchantments, unstealthy
A: beak, talons 3
a: no special abilities


You were on level 1 of the Dungeon.
You were hungry.

You visited 1 branch of the dungeon, and saw 2 of its levels.

You collected 148 gold pieces.

Inventory:

Hand Weapons
 g - a +0 club
 l - a +0 short sword (weapon)
Armour
 a - a +0 robe
 u - a +0 leather armour (worn)
Jewellery
 h - a ring of ice (left hand)
 s - a ring of protection from magic (right hand)
Scrolls
 d - a scroll of immolation {unknown}
 e - 4 scrolls of identify {unknown}
 f - a scroll of magic mapping {unknown}
 i - 2 scrolls of fog {unknown}
 n - a scroll of remove curse {unknown}
 r - a scroll of teleportation {unknown}
Books
 b - a book of Conjurations

   Spells                             Type                      Level
   a - Magic Dart                     Conjuration                  1
   b - Searing Ray                    Conjuration                  2
   c - Dazzling Spray                 Conjuration/Hexes            3
   d - Fulminant Prism                Conjuration/Hexes            4
   e - Iskenderun's Mystic Blast      Conjuration                  4
   f - Iskenderun's Battlesphere      Conjuration/Charms           5
Comestibles
 c - a bread ration
 o - 2 chunks of flesh
 p - a beef jerky
 q - a slice of pizza
 t - a meat ration


   Skills:
 + Level 3.1 Dodging
 - Level 2.0 Stealth
 - Level 2.0 Spellcasting
 * Level 6.8 Conjurations


You had 6 spell levels left.
You knew the following spells:

 Your Spells              Type           Power        Failure   Level  Hunger
a - Magic Dart            Conj           ####         1%          1    #......


Dungeon Overview and Level Annotations

Branches:
Dungeon (2/15)

Altars:


Innate Abilities, Weirdness & Mutations

You have a beak for a mouth.
You have claws for feet.


Message History

You kill the adder!
Drink which item? (? for menu, Esc to quit)
It was a potion of magic.
Magic courses through your body.
Drink which item? (? for menu, Esc to quit)
It was a potion of might.
You feel very mighty all of a sudden.
* * * LOW HITPOINT WARNING * * *
You feel sick.
Drink which item? (? for menu, Esc to quit)
It was a potion of haste.
You feel yourself speed up.
You are very lightly contaminated with residual magic.
* * * LOW HITPOINT WARNING * * *
You feel sick.
There is a stone staircase leading down, spattered with blood here.
* * * LOW HITPOINT WARNING * * *
You feel sick.
There is a stone staircase leading down, spattered with blood here.
There is a stone staircase leading down, spattered with blood here.
You are feeling hungry.
You die...

........# #..## #.# #.
#####..#####...##### #.# #>
#..# #.........# #.# #.
#..###.#...###.# #.# #.
#......##......# ##.## #.
#...##.###.###########...###.
#...##.................#...#.
#...####.#.###########...#.##
#...####....@.>..# ##......
#..........#####.######.##.##
##..############.##........##
#...................##.#...#
##........#..##.............
########.#..#####.....(....
#.#..#####..........
#.#............#...#
#.##.##...####.#####


There were no monsters in sight!

Vanquished Creatures
  3 adders
  5 giant cockroaches
  6 goblins
  6 hobgoblins
  6 bats (D:1)
  A giant newt (D:2)
  4 kobolds
  12 rats
43 creatures vanquished.

Notes
Turn   | Place    | Note
--------------------------------------------------------------
     0 | D:1      | Tomstefer the Tengu Conjurer began the quest for the Orb.
     0 | D:1      | Reached XP level 1. HP: 10/10 MP: 4/4
   375 | D:1      | Reached XP level 2. HP: 15/15 MP: 3/6
   833 | D:1      | Reached skill level 6 in Conjurations
  1155 | D:1      | Reached XP level 3. HP: 19/19 MP: 3/7
  1722 | D:2      | Reached XP level 4. HP: 24/24 MP: 5/8
  1878 | D:1      | HP: 1/24 [poisoned by an adder]
  1888 | D:1      | Succumbed to an adder's poison

Vault maps used:
D:1:      elethiomel_arrival_diamonds
D:2:      first_bread

Skill      XL: |  1  2  3 |
---------------+----------+-----
Conjurations   | 6 |  6.8
Dodging        | 3 |  3.1
Stealth        | |  2.0
Spellcasting   | |  2.0

Action                   |  1- 3 |  4- 6 || total
-------------------------+-------+-------++-------
Melee: Unarmed           |    10 |       ||    10
       Club              |     5 |       ||     5
       Short sword       |       |     3 ||     3
 Cast: Magic Dart        |    68 |    20 ||    88
  Use: Potion            |       |     3 ||     3
  Eat: Chunk             |     3 |     1 ||     4
